 Dungeon Crawl Stone Soup version 0.30-a0-459-g9104f0fc43 (webtiles) character file.

Game seed: 7079764203795485809

1669 ytrimaz the Thaumaturge (level 9, -7/69 HPs)
             Began as a Djinni Fire Elementalist on Dec 15, 2022.
             Was an Initiate of Ashenzari.
             Killed by an exploding Dowan (11 damage)
             ... ignited by their inner flame
             ... on level 4 of the Dungeon.
             The game lasted 00:07:33 (5514 turns).

ytrimaz the Thaumaturge (Djinni Fire Elementalist)  Turns: 5514, Time: 00:07:34

Health: -7/69      AC:  3    Str:  7    XL:     9   Next: 21%
Gold:   308        EV: 18    Int: 22    God:    Ashenzari [......] SH:  0 Dex: 25

rFire   + + .      SeeInvis .    (no weapon)
rCold   x . .      Faith    .    (no shield)
rNeg    . . .      Spirit   .    a - +1 robe rPois โˆž Reflect .
                                 (no helmet)
rElec   .          Harm     .    (no cloak)
rCorr   .          Rampage  .    (no gloves)
Will    .....                    (boots unavailable)
Stlth   ++........               (no amulet)
HPRegen 0.31/turn                c - +6 ring of dexterity
MPRegen 0.00/turn                i - +6 ring of dexterity

@: flying
A: sickness immunity, fire resistance 2, cold vulnerability 1, float, innate
caster, HP casting, extra vitality 1
a: Renounce Religion


You were on level 4 of the Dungeon.
You worshipped Ashenzari.
Ashenzari was noncommittal.
You visited 2 branches of the dungeon, and saw 7 of its levels.

You collected 308 gold pieces.


Innate Abilities, Weirdness & Mutations

You are immune to sickness and miasma.
You are immune to poison.
Your flesh is very heat resistant. (rF++)
You are vulnerable to cold. (rC-)
You float through the air rather than walking.
You learn spells naturally, not from books.
Your magical power is your life essence.
You have superior vitality. (+4 MHP)


   Skills:
 + Level 7.7 Fighting
 - Level 7.2 Dodging
 - Level 1.5 Stealth
 * Level 9.0 Spellcasting


You had 3 spell levels left.
You knew the following spells:

 Your Spells              Type           Power      Damage    Failure   Level
a - Foxfire               Conj/Fire      100%       2x1d9     1%          1
b - Scorch                Fire           98%        2d10      1%          2
c - Kindle Blastsparks    Fire/Tloc/Air  98%        2d18      1%          3
d - Inner Flame           Hex/Fire       49%        N/A       1%          3
e - Flame Wave            Conj/Fire      49%        2d12      1%          4
f - Summon Small Mammal   Summ           100%       N/A       1%          1
g - Momentum Strike       Conj/Tloc      98%        3d10      1%          2
h - Ignite Poison         Fire/Tmut/Pois 49%        N/A       1%          3
i - Dispel Undead         Necr           49%        3d18      1%          4
Your spell library was empty.

Inventory:

Armour
 a - a +1 robe (worn)
Jewellery
 c - a +6 ring of dexterity (left hand)
   (You found it on level 1 of the Dungeon)
 i - a +6 ring of dexterity (right hand)
   (You found it on level 3 of the Dungeon)
Wands
 d - a wand of flame (23)
   (You found it on level 5 of the Dungeon)
 m - a wand of paralysis (10)
   (You found it on level 5 of the Dungeon)
Scrolls
 g - 3 scrolls of teleportation
 h - 3 scrolls of fog
 n - 2 scrolls of noise
Potions
 e - a potion of might {unknown}
 f - a potion of attraction {unknown}
 j - 2 potions of haste
 k - 2 potions of brilliance

Dungeon Overview and Level Annotations

Branches:
Dungeon (6/15) Zot: 26829  Temple (1/1) D:5 Zot: 5671

Altars:
Ashenzari
Cheibriados
Dithmenos
Elyvilon
Fedhas
Gozag
Hepliaklqana
Makhleb
Nemelex Xobeh
Qazlal
Ru
Trog
Uskayaw
Wu Jian
Yredelemnul
Zin
The Shining One

Shops:
D:1

[ #[# #.# #.)## ########## #.#
#.###...## #......... #.#
#........####.######## #.#
#####.........# #.#
#.#.####..##### #.#
#.............# #.#
#.#.####..###.#
#.########ยง#.## #..###[#
#.......ยงโ—‹@...###.#.##[####
###########......###.......
#...#.## ##...###
######:###....... ##.#.#....##
#...####.# #.#.####.#
#........# #######.##


There were no monsters in sight!


Message History

A mysterious force pulls you upwards. The hatch slams shut behind you.
Level annotation: Dowan, Duvessa Partly explored, can't reach some places.
You see here a +0 sling.
You see here a +0 whip.
Press: ? - help, . - travel You can't see that place. [the floor.] Reduced exclusion size to a single square.
Press: ? - help, v - describe, . - travel The floor.
Casting: Flame Wave (dangerous; 1% risk of failure)
Confirm with . or Enter, or press ? or * to list all spells.
A cloud of volatile blastsparks flares up around you! ๐Ÿ˜• HP[-3]
You take 3 damage, and now have 66/69 hp.
Unknown command.
Really fly into that cloud of blastsparks? [Y]es or [N]o only, please.
Really fly into that cloud of blastsparks?
Okay, then.
Really fly into that cloud of blastsparks?
The cloud of blastsparks explodes!
The concussive blast engulfs you! You resist.
Duvessa shouts! ๐Ÿ˜• HP[-8]
You take 8 damage, and now have 58/69 hp.
Unknown command.
Dowan says, "Magic and the sword, together, will defeat you." ๐Ÿ˜• HP[+1]
Casting: Kindle Blastsparks (safe; 1% risk of failure)
Confirm with . or Enter, or press ? or * to list all spells.
A cloud of volatile blastsparks flares up around you! ๐Ÿ˜• HP[-3]
You take 3 damage, and now have 56/69 hp.
Casting: Kindle Blastsparks (safe; 1% risk of failure)
Confirm with . or Enter, or press ? or * to list all spells.
There's already a cloud here!
Unknown command.
Dowan gestures at Duvessa while chanting.
Duvessa seems to speed up.
Casting: Kindle Blastsparks (safe; 1% risk of failure)
Confirm with . or Enter, or press ? or * to list all spells.
A cloud of volatile blastsparks flares up around you!
The cloud of blastsparks explodes!
The concussive blast engulfs Duvessa!!
The concussive blast engulfs you. You resist.
You are knocked back by the blast.
The cloud of blastsparks explodes!
The concussive blast engulfs Duvessa!
You kill Duvessa!
Dowan seems overcome with grief.
Dowan seems to find hidden reserves of power!
The concussive blast engulfs you. You resist.
You are knocked back by the blast.
Your Spellcasting skill increases to level 9! ๐Ÿ˜ฎ HP[-12]
You take 12 damage, and now have 44/69 hp. ๐Ÿ˜ฎ HP[+1]
Casting: Kindle Blastsparks (safe; 1% risk of failure)
Confirm with . or Enter, or press ? or * to list all spells.
Aiming: Inner Flame (safe; 1% risk of failure)
Press: ? - help, Dir - move target, f - Dowan
Aim: Dowan, wielding a +0 dagger and wearing a +0 robe (fast, chance to affect: 93%) Dowan is filled with an inner flame.
Dowan gestures at you while chanting. The shard of ice hits you!!
You feel a painful chill!
* * * LOW HITPOINT WARNING * * *
Dowan hits you with a +0 dagger.
* * * LOW HITPOINT WARNING * * *
๐Ÿ˜ฑ HP[-31]
You take 31 damage, and now have 14/69 hp.
MASSIVE DAMAGE!! (PAUSE)
You feel better. Dowan gestures at you while chanting.
The stone arrow hits you!!
* * * LOW HITPOINT WARNING * * *
๐Ÿ˜ฑ HP[-13]
You take 13 damage, and now have 1/69 hp.
Okay, then.
You feel better.
Dowan completely misses you. x2 ๐Ÿ˜ฑ HP[+8]
You regained 8 hp, and now have 9/69 hp.
Casting: Inner Flame (safe; 1% risk of failure)
Confirm with . or Enter, or press ? or * to list all spells.
Okay, then.
Casting: Inner Flame (safe; 1% risk of failure)
Confirm with . or Enter, or press ? or * to list all spells.
Casting: Flame Wave (dangerous; 1% risk of failure)
Press: ? - help, Dir - look around, f - activate A wave of flame ripples out!
The flame wave engulfs Dowan!
Flame seeps out of Dowan. (Press . to intensify the flame waves.)
* * * LOW HITPOINT WARNING * * *
Dowan is engulfed in blazing flames.
Flame seeps out of Dowan.
Dowan hits you but does no damage. ๐Ÿ˜ฑ HP[-4]
You take 4 damage, and now have 5/69 hp.
A wave of flame ripples out!
The flame wave engulfs Dowan!
* * * LOW HITPOINT WARNING * * *
The fiery explosion engulfs you! You resist.
You die...

Skill      XL: |  1  2  3  4  5  6  7  8  9 |
---------------+----------------------------+-----
Fighting       | 1 2 7 |  7.7
Spellcasting   | 3 4 8 9 |  9.0
Dodging        | 7 |  7.2
Stealth        | |  1.5

Action                   |  1- 3 |  4- 6 |  7- 9 || total
-------------------------+-------+-------+-------++-------
Melee: Unarmed           |     2 |       |       ||     2
 Cast: Foxfire           |    52 |   121 |     2 ||   175
       Flame Wave        |       |     3 |    38 ||    41
       Kindle Blastspark |       |       |     7 ||     7
       Inner Flame       |       |       |     2 ||     2
  Use: Scroll            |     6 |     4 |     3 ||    13
       Potion            |       |     4 |     2 ||     6
Armor: Robe              |     4 |     6 |     2 ||    12
Dodge: Dodged            |    16 |    19 |    48 ||    83

Levels and vault maps discovered:
D:1:      dpeg_arrival_erosion, layout_loops_ring, serial_shops,
          nicolae_shop_waterfront, shapermc_ecumenical_altar_hornbeckon
D:2:      layout_loops_ring
D:3:      kennysheep_the_goblin_king, layout_basic, st_stairs_2
D:4:      layout_loops_ring, uniq_duvessa
D:5:      layout_loops_ring, minmay_temple_entry_antechambers, minmay_circle_x
D:6:      minmay_diamond_boxcup, layout_basic, minmay_overflow_temple_star_quad,
          serial_bayou, serial_bayou_pond_a, serial_bayou_pond_d,
          serial_bayou_pond_d, serial_bayou_shore_b, serial_bayou_ford_a
Temple:   compressed_dpeg_triangle_lava_temple

Notes
Turn   | Place    | Note
-------+----------+-------------------------------------------
     0 | D:1      | ytrimaz the Djinni Fire Elementalist began the quest for
                  | the Orb.
     0 | D:1      | ytrimaz set off with the following spells memorised:
                  | Foxfire, Scorch, Kindle Blastsparks, Inner Flame, Flame
                  | Wave.
     0 | D:1      | Reached XP level 1. HP: 15/15 MP: 0/0
     0 | D:1      | magus.rc [v1.9.6]
   304 | D:1      | Reached XP level 2. HP: 19/22 MP: 0/0
   371 | D:1      | Found Penenut's Antique Armour Boutique.
   533 | D:1      | Found a faded altar of an unknown god.
   977 | D:2      | Reached skill level 1 in Fighting
   980 | D:2      | Reached skill level 3 in Spellcasting
   980 | D:2      | Reached XP level 3. HP: 22/27 MP: 0/0
   980 | D:2      | Learned a level 1 spell: Summon Small Mammal
  1284 | D:2      | Reached XP level 4. HP: 27/32 MP: 0/0
  1867 | D:3      | Reached skill level 2 in Fighting
  1871 | D:3      | Reached XP level 5. HP: 27/38 MP: 0/0
  1871 | D:3      | Learned a level 2 spell: Momentum Strike
  2502 | D:4      | Reached skill level 4 in Spellcasting
  2737 | D:4      | Reached XP level 6. HP: 16/45 MP: 0/0
  2949 | D:4      | Reached skill level 3 in Fighting
  3084 | D:4      | Noticed Dowan
  3103 | D:4      | Noticed Duvessa
  3394 | D:5      | Entered Level 5 of the Dungeon
  3425 | D:5      | HP: 11/46 [centaur (2)]
  3427 | D:5      | Identified a potion of experience
  3427 | D:5      | Reached skill level 7 in Fighting
  3427 | D:5      | Reached skill level 7 in Dodging
  3427 | D:5      | Reached skill level 8 in Spellcasting
  3427 | D:5      | Reached XP level 7. HP: 27/58 MP: 0/0
  3427 | D:5      | Learned a level 3 spell: Ignite Poison
  3664 | D:5      | Reached XP level 8. HP: 36/64 MP: 0/0
  3895 | D:5      | Noticed a hornet
  3906 | D:5      | Killed a hornet
  4434 | D:5      | Found a staircase to the Ecumenical Temple.
  4449 | D:5      | Reached XP level 9. HP: 63/68 MP: 0/0
  4449 | D:5      | Learned a level 4 spell: Dispel Undead
  4453 | Temple   | Entered the Ecumenical Temple
  4762 | Temple   | Became a worshipper of Ashenzari the Shackled
  5506 | D:4      | Killed Duvessa
  5507 | D:4      | Reached skill level 9 in Spellcasting
  5510 | D:4      | HP: 16/69 [Dowan/shard of ice (26)]
  5511 | D:4      | HP: 1/69 [Dowan/stone arrow (20)]
  5514 | D:4      | Killed Dowan
  5514 | D:4      | Killed by an exploding Dowan... ignited by their inner
                  | flame

Vanquished Creatures
  A hornet (D:5)
  A water moccasin (D:5)
  Duvessa (D:4)
  3 centaurs (D:5)
  A phantom (D:5)
  2 scorpions
  Dowan (D:4)
  2 jellies
  5 hounds
  4 iguanas (D:5)
  4 orc wizards
  4 adders
  4 gnolls (D:3)
  A shadow imp (D:5)
  9 orcs
  8 ball pythons
  7 bats
  2 endoplasms (D:3)
  10 goblins
  2 hobgoblins
  6 jackals
  4 kobolds
  2 quokkas
  A frilled lizard (D:3)
  7 rats
92 creatures vanquished.

Vanquished Creatures (others)
  An orc wizard (D:5)
  249 foxfires
  2 plants (D:6)
252 creatures vanquished.

Grand Total: 344 creatures vanquished

Table legend:
 A = Non-vault XP
 B = Vault XP
 C = Vault XP percentage of total XP
 D = Non-vault monster count
 E = Vault monster count
 F = Vault count percentage of total count
                 A         B        C        D         E       F
            +---------+---------+-------+---------+---------+-------
      Total |    1500 |     602 |  28.6 |      77 |      16 |  17.2
            +---------+---------+-------+---------+---------+-------
        D:1 |      19 |       0 |   0.0 |      12 |       0 |   0.0
        D:2 |      64 |       0 |   0.0 |      10 |       0 |   0.0
        D:3 |      76 |      15 |  16.5 |      16 |       9 |  36.0
        D:4 |     176 |     209 |  54.3 |      13 |       2 |  13.3
        D:5 |    1082 |     378 |  25.9 |      25 |       5 |  16.7
        D:6 |      83 |       0 |   0.0 |       1 |       0 |   0.0
            +---------+---------+-------+---------+---------+-------

Illustrated notes

Table legend:
 A = Kills in this place as a percentage of kills in entire the game.
 B = Kills by you in this place as a percentage of kills by you in the entire game.
 C = Kills by friends in this place as a percentage of kills by friends in the entire game.
 D = Other kills in this place as a percentage of other kills in the entire game.
 E = Experience gained in this place as a percentage of experience gained in the entire game.
 F = Experience gained in this place divided by the number of levels of this place that you have seen.
                   A       B       C       D       E      F
               +-------+-------+-------+-------+-------+----------------------
         Total | 100.0 | 100.0 |   N/A | 100.0 | 100.0 | 300.3
       Dungeon | 100.0 | 100.0 |   N/A | 100.0 | 100.0 | 350.3
               +-------+-------+-------+-------+-------+----------------------

Table legend: (Time is in decaauts)
 A = Elapsed time spent in this place.
 B = Non-inter-level travel time spent in this place.
 C = Inter-level travel time spent in this place.
 D = Time resting spent in this place.
 E = Time spent auto-exploring this place.
 F = Levels seen in this place.
 G = Mean time per level.
                   A        B        C        D        E       F      G
               +--------+--------+--------+--------+--------+-----+--------+
         Total |   5512 |   5313 |    199 |    111 |   4528 |   7 |  787.4 |
       Dungeon |   5183 |   5002 |    181 |    111 |   4249 |   6 |  863.8 |
        Temple |    328 |    310 |     18 |      0 |    279 |   1 |  328.0 |
               +--------+--------+--------+--------+--------+-----+--------+

Top non-repeatable levels by time:
     D:5: 1474 daAuts
     D:4: 1121 daAuts
     D:1: 973 daAuts
     D:3: 763 daAuts
     D:2: 757 daAuts
  Temple: 328 daAuts
     D:6: 92 daAuts
